 Dungeon Crawl Stone Soup version 0.23-a0-629-gae4348f (webtiles) character file.

122 Leeroy the Slasher (level 5, -4/39 HPs)
             Began as a Barachi Skald on Dec 25, 2018.
             Killed from afar by a dart slug (6 damage)
             ... with a slug dart
             ... on level 2 of the Dungeon.
             The game lasted 00:05:32 (1427 turns).

Leeroy the Slasher (Barachi Skald)                  Turns: 1427, Time: 00:05:32

Health: -4/39      AC:  4    Str: 17    XL:     5   Next: 6%
Magic:  8/8        EV: 12    Int: 15    God:
Gold:   51         SH:  0    Dex: 11    Spells: 2/8 levels left

rFire    . . .     SeeInvis .   a - +0 falchion
rCold    . . .     Gourm    .   (no shield)
rNeg     . . .     Faith    .   b - +0 leather armour
rPois    .         Spirit   .   (no helmet)
rElec    .         Reflect  .   r - +0 cloak
rCorr    .         Harm     .   (no gloves)
MR       .....                  (no boots)
Stlth    +.........             (no amulet)
HPRegen  0.13/turn              (no ring)
MPRegen  0.11/turn              (no ring)

@: mighty, very slightly contaminated, invisible, slow
A: +LOS, swims, slowness 1, strong legs 1
a: Hop


You were on level 2 of the Dungeon.
You were not hungry.

You visited 1 branch of the dungeon, and saw 2 of its levels.

You collected 51 gold pieces.

Inventory:

Hand Weapons
 a - a +0 falchion (weapon)
 h - a +0 spear
 k - a +0 hand axe
Missiles
 i - 18 stones (quivered)
 u - 24 arrows
Armour
 b - a +0 leather armour (worn)
 f - a +0 ring mail
 r - a +0 cloak (worn)
Scrolls
 c - 2 scrolls of noise {unknown}
 j - a scroll of remove curse {unknown}
 m - a scroll of magic mapping {unknown}
 n - 2 scrolls of identify {unknown}
Potions
 g - a potion of resistance {unknown}
 l - a potion of haste {unknown}
 o - a potion of mutation {unknown}
 p - a potion of curing {unknown}
 q - a potion of berserk rage {unknown}
Comestibles
 d - 4 rations
 t - 6 chunks of flesh


   Skills:
 - Level 2.4 Fighting
 + Level 6.0 Long Blades
 - Level 1.2 Armour
 - Level 2.1 Dodging
 - Level 2.1 Spellcasting
 - Level 3.4 Charms


You had 2 spell levels left.
You knew the following spells:

 Your Spells              Type           Power        Failure   Level  Hunger
a - Infusion              Chrm           ##..         6%          1    #......
b - Spectral Weapon       Hex/Chrm       #.......     36%         3    ###....
c - Shroud of Golubria    Chrm/Tloc      #.........   19%         2    ###....

Your spell library contained the following spells:

 Spells                   Type           Power        Failure   Level  Hunger
 Song of Slaying          Chrm           ##......     10%         2    ###....
 Regeneration             Chrm/Necr      #.........   36%         3    ###....


Dungeon Overview and Level Annotations

Branches:
Dungeon (2/15)

Altars:
Zin


Innate Abilities, Weirdness & Mutations

Shadows flee at your approach. (+LOS)
You can swim through water.
You cover ground slowly.
You can hop short distances.


Message History

The hound bites you.
* * * LOW HITPOINT WARNING * * *
You closely miss the hound.
The hound is heavily wounded.
The hound misses you.
You riposte.
You closely miss the hound.
The hound is heavily wounded.
The hound bites you.
* * * LOW HITPOINT WARNING * * *
Unknown command.
It was a potion of invisibility.
You fade into invisibility!
The hound closely misses you.
You riposte.
You slash the hound!
You kill the hound!
Your Long Blades skill increases to level 6!
You have reached level 5!
You are very lightly contaminated with residual magic.
Okay, then.
The dart slug launches a dart at something.
The slug dart hits you!
You die...

. .................+ .. #.
######..#.##.#.## .. # #.
#..#.##.#.# . #.#.w
#..#.##.#.# .
#.#..######..#.##.#.#
...................<#######
.#.##.#.##....##.#........
#....#.##..####.#.####.##
#....w..@................
#...r#####.###..#........
#....).#####.###..######.##
##.........................
#....######.###..######.##
....## #.....###..######.#
...... +.....'...<.......#
..... #.....###..######.#
..%.. #####.# #..# #.##


You could see a dart slug and a rat.

Vanquished Creatures
  A hound (D:2)
  3 adders (D:2)
  An ooze (D:2)
  2 worms (D:2)
  A dart slug (D:1)
  2 leopard geckos (D:1)
  6 bats (D:1)
  4 giant cockroaches
  4 goblins
  5 hobgoblins
  4 jackals (D:2)
  A frilled lizard (D:1)
  9 kobolds (D:1)
  7 rats
50 creatures vanquished.

Vanquished Creatures (others)
  A kraken (D:1)
  A draconian (D:1)
  2 trolls (D:1)
  3 vampires (D:1)
  A formicid (D:1)
  A human (D:1)
  A naga (D:1)
  A dwarf (D:1)
  An ogre (D:1)
  A mummy (D:1)
  A kobold (D:1)
  5 tentacles (D:1)
19 creatures vanquished.

Grand Total: 69 creatures vanquished

Notes
Turn   | Place    | Note
-------+----------+-------------------------------------------
     0 | D:1      | Leeroy the Barachi Skald began the quest for the Orb.
     0 | D:1      | Reached XP level 1. HP: 17/17 MP: 3/3
     2 | D:1      | Noticed a troll
     2 | D:1      | Noticed a vampire
     2 | D:1      | Noticed a vampire
     2 | D:1      | Noticed a human
     2 | D:1      | Noticed an ogre
     2 | D:1      | Noticed a troll
     2 | D:1      | Noticed a kraken
     2 | D:1      | Noticed a troll
     2 | D:1      | Noticed a vampire
     2 | D:1      | Noticed a dwarf
     2 | D:1      | Noticed a formicid
     2 | D:1      | Noticed a draconian
     2 | D:1      | Noticed a naga
     2 | D:1      | Noticed a ghoul
     5 | D:1      | Killed a vampire
     5 | D:1      | Killed a naga
     6 | D:1      | Killed a vampire
     6 | D:1      | Killed a human
     6 | D:1      | Killed a troll
     9 | D:1      | Killed a troll
     9 | D:1      | Killed a dwarf
     9 | D:1      | Killed a vampire
    11 | D:1      | Killed a draconian
    12 | D:1      | Killed a formicid
    13 | D:1      | Killed an ogre
    14 | D:1      | Killed a kraken
    63 | D:1      | Reached skill level 3 in Long Blades
    66 | D:1      | Reached XP level 2. HP: 17/23 MP: 5/5
   461 | D:1      | Reached skill level 4 in Long Blades
   487 | D:1      | Reached XP level 3. HP: 27/28 MP: 6/6
  1183 | D:2      | Learned a level 3 spell: Spectral Weapon
  1186 | D:2      | Learned a level 2 spell: Shroud of Golubria
  1190 | D:2      | Found a glowing silver altar of Zin.
  1302 | D:2      | Reached skill level 5 in Long Blades
  1302 | D:2      | Reached XP level 4. HP: 31/34 MP: 3/7
  1424 | D:2      | HP: 1/34 [hound (2)]
  1425 | D:2      | Reached skill level 6 in Long Blades
  1425 | D:2      | Reached XP level 5. HP: 1/39 MP: 8/8
  1427 | D:2      | Killed from afar by a dart slug

Vault maps used:
D:1:      nicolae_arrival_kraken_aquarium_b, chequers_serial_rivers_micro_a,
          minmay_crystal_room
D:2:      nicolae_overflow_hidden_temple, first_ration, uniq_sigmund

Skill      XL: |  1  2  3  4 |
---------------+-------------+-----
Long Blades    | 3 4 5 6 |  6.0
Fighting       | |  2.4
Armour         | |  1.2
Dodging        | |  2.1
Spellcasting   | |  2.1
Charms         | |  3.4

Action                   |  1- 3 |  4- 6 || total
-------------------------+-------+-------++-------
Melee: Falchion          |   153 |    39 ||   192
 Cast: Infusion          |     2 |       ||     2
  Use: Potion            |       |     2 ||     2
  Eat: Chunk             |     2 |     1 ||     3
Armor: Leather armour    |    56 |     5 ||    61
Dodge: Dodged            |   148 |    30 ||   178
       Rpst.: Falchion   |    39 |     9 ||    48

Table legend:
 A = Non-vault XP
 B = Vault XP
 C = Vault XP percentage of total XP
 D = Non-vault monster count
 E = Vault monster count
 F = Vault count percentage of total count
                 A         B        C        D         E       F
            +---------+---------+-------+---------+---------+-------
      Total |     175 |       0 |   0.0 |      50 |       0 |   0.0
            +---------+---------+-------+---------+---------+-------
        D:1 |      55 |       0 |   0.0 |      32 |       0 |   0.0
        D:2 |     120 |       0 |   0.0 |      18 |       0 |   0.0
            +---------+---------+-------+---------+---------+-------
